 Dungeon Crawl Stone Soup version 0.19-a0-1827-g174f941 (webtiles) character file.

2036 varam the Covert (level 9, -7/58 HPs)
             Began as an Octopode Assassin on Oct 7, 2016.
             Was a Follower of Kikubaaqudgha.
             Mangled by an orc warrior
             ... wielding a +0 long sword
              (21 damage)
             ... on level 7 of the Dungeon.
             The game lasted 00:37:01 (7949 turns).

varam the Covert (Octopode Assassin)                Turns: 7949, Time: 00:37:03

Health: -7/58      AC:  1    Str: 13    XL:     9   Next: 24%
Magic:  9/9        EV: 16    Int: 13    God:    Kikubaaqudgha [*.....]
Gold:   377        SH:  0    Dex: 16    Spells: 0 memorised, 8 levels left

rFire  + . .     SeeInvis .     a - +2 dagger
rCold  . . .     Gourm    .     (no shield)
rNeg   . . .     Faith    .     (helmet restricted)
rPois  .         Spirit   .     (no amulet)
rElec  .         Dismiss  .     o - +2 ring of strength
rCorr  .         Reflect  .     D - ring of protection from fire
MR     .....     Harm     .     (no ring)
Stlth  ++++++....               (no ring)
                                (no ring)
                                (no ring)
                                (no ring)
                                (no ring)

@: no status effects
A: almost no armour, stealthy swim, amphibious, 8 rings, constrict 8, camouflage
1, gelatinous body 1
a: Receive Corpses, Renounce Religion


You were on level 7 of the Dungeon.
You worshipped Kikubaaqudgha.
Kikubaaqudgha was aware of your devotion.
You were not hungry.

You visited 2 branches of the dungeon, and saw 8 of its levels.

You collected 377 gold pieces.

Inventory:

Hand Weapons
 a - a +2 dagger (weapon)
 b - a +0 blowgun
 y - a +1 flail of protection
Missiles
 c - 19 poisoned needles
 d - 2 curare-tipped needles
 u - 72 arrows
 v - 53 sling bullets
Jewellery
 o - a +2 ring of strength (left tentacle)
 D - a ring of protection from fire (right tentacle)
Scrolls
 g - 5 scrolls of teleportation
 h - 5 scrolls of identify
 i - a scroll of immolation {unknown}
 j - a scroll of magic mapping {unknown}
 l - a scroll of remove curse
 m - 3 scrolls of recharging
 q - 2 scrolls of enchant armour {unknown}
 x - 2 scrolls of blinking {unknown}
 B - 2 scrolls of random uselessness {unknown}
 C - 3 scrolls of amnesia {unknown}
Potions
 e - 4 potions of flight {unknown}
 n - 2 potions of degeneration {unknown}
 r - 2 potions of heal wounds {unknown}
 s - 2 potions of haste {unknown}
 t - 3 potions of magic {unknown}
 w - 4 potions of curing {unknown}
 z - a potion of might {unknown}
 A - 2 potions of ambrosia {unknown}
 E - 2 potions of agility {unknown}
 F - a potion of brilliance {unknown}
Books
 H - Kikubaaqudgha's Incunabulum of Evil Rituals
   (Kikubaaqudgha gifted it to you on level 6 of the Dungeon)

   Spells                             Type                      Level
   a - Animate Skeleton               Necromancy                   1
   b - Corpse Rot                     Necromancy                   2
   c - Sublimation of Blood           Necromancy                   2
   d - Vampiric Draining              Necromancy                   3
   e - Control Undead                 Necromancy                   4
 I - a book of Geomancy

   Spells                             Type                      Level
   a - Sandblast                      Earth                        1
   b - Passwall                       Transmutation/Earth          2
   c - Stone Arrow                    Conjuration/Earth            3
   d - Petrify                        Transmutation/Earth          4
   e - Lee's Rapid Deconstruction     Earth                        5
Comestibles
 f - 8 bread rations
 p - 5 meat rations


   Skills:
 - Level 3.7 Fighting
 + Level 6.1 Short Blades
 - Level 3.5 Throwing
 - Level 5.0 Dodging
 + Level 10.3 Stealth
 - Level 4.3 Unarmed Combat


You had 8 spell levels left.
You didn't know any spells.

Dungeon Overview and Level Annotations

Branches:
Dungeon (7/15)             Temple (1/1) D:7

Altars:
Ashenzari
Dithmenos
Elyvilon
Gozag
Hepliaklqana
Kikubaaqudgha
Makhleb
Nemelex Xobeh
Okawaru
Ru
Sif Muna
Uskayaw
Xom
Yredelemnul
Zin
The Shining One

Annotations:
D:5 wazuzu's ghost, novice MiGl
D:7 IKeelU2's ghost, novice HOCK


Innate Abilities, Weirdness & Mutations

You cannot wear most types of armour.
You are very stealthy in the water. (Stealth+)
You are amphibious.
You can wear up to eight rings at the same time.
You can use your tentacles to constrict eight enemies at once.
Your skin changes colour to match your surroundings (Stealth+).
Your rubbery body absorbs attacks. (AC +1, EV +1)


Message History

You squeeze the orc warrior, but do no damage.
The orc warrior is moderately wounded.
You constrict the orc warrior.
The orc warrior hits you with a long sword!!
You hit the orc warrior but do no damage.
You squeeze the orc warrior.
The orc warrior is heavily wounded.
You constrict the orc warrior, but do no damage.
The orc warrior hits you with a long sword!
* * * LOW HITPOINT WARNING * * *
You hit the orc warrior.
The orc warrior is severely wounded.
You constrict the orc warrior.
You hit the orc warrior but do no damage.
You tentacle-slap the orc warrior, but do no damage.
The orc warrior is severely wounded.
You constrict the orc warrior.
The orc warrior hits you with a long sword!!
You die...
Kikubaaqudgha rasps: "You have failed me!
Welcome... death!"

....... .......
###########
o.o..(.
#.......)..
...o...##
#.#########
......o.# #.#
#.# #######.#
#.# #....##.#
#.#####....##.#
#....o@.......#
#######....####
#....# #....#
#....# ######


You could see an orc warrior.

Vanquished Creatures
  Grinder (D:3)
  A hungry ghost (D:7)
  2 sky beasts
  An ogre (D:5)
  A centaur (D:6)
  3 bullfrogs
  3 scorpions
  5 wights
  A crimson imp (D:7)
  A howler monkey (D:5)
  2 jellies (D:7)
  4 hounds
  An orc priest (D:5)
  A centaur skeleton (D:4)
  Jessica (D:2)
  Natasha (twice) (D:2)
  4 orc wizards
  3 worker ants
  A hound zombie (D:6)
  Robin (D:2)
  6 gnolls
  8 adders
  2 adder skeletons
  2 worms (D:3)
  3 dart slugs
  3 leopard geckos
  20 orcs
  A ball python (D:1)
  5 giant cockroaches
  12 goblins
  8 hobgoblins
  6 jackals
  3 quokkas
  7 bats
  4 frilled lizards
  4 kobolds
  A quokka skeleton (D:6)
  A quokka zombie (D:6)
  2 rats
137 creatures vanquished.

Notes
Turn   | Place    | Note
-------+----------+-------------------------------------------
     0 | D:1      | varam the Octopode Assassin began the quest for the Orb.
     0 | D:1      | Reached XP level 1. HP: 14/14 MP: 1/1
   236 | D:1      | Reached XP level 2. HP: 16/19 MP: 2/2
   434 | D:1      | You fall through a shaft!
   439 | D:2      | Noticed Natasha
   447 | D:2      | Killed Natasha
   447 | D:2      | Reached skill level 6 in Stealth
   447 | D:2      | Reached XP level 3. HP: 24/24 MP: 3/3
   489 | D:2      | Noticed Robin
  1381 | D:2      | Killed Robin
  1381 | D:2      | Reached XP level 4. HP: 29/29 MP: 4/4
  1544 | D:2      | Noticed Natasha
  1547 | D:2      | Noticed Jessica
  1578 | D:2      | Killed Jessica
  1609 | D:2      | Killed Natasha
  1609 | D:2      | Reached skill level 7 in Stealth
  1609 | D:2      | Reached skill level 1 in Unarmed Combat
  1609 | D:2      | Reached XP level 5. HP: 9/34 MP: 5/5
  2474 | D:3      | Noticed Grinder
  2631 | D:3      | Killed Grinder
  2631 | D:3      | Reached skill level 8 in Stealth
  2631 | D:3      | Reached XP level 6. HP: 9/39 MP: 6/6
  3783 | D:4      | Found a basalt altar of Yredelemnul.
  3783 | D:4      | Found a shattered altar of Ashenzari.
  3783 | D:4      | Found a shadowy altar of Dithmenos.
  3783 | D:4      | Found a hazy altar of Hepliaklqana.
  3783 | D:4      | Found a burning altar of Makhleb.
  3783 | D:4      | Found an ancient bone altar of Kikubaaqudgha.
  3783 | D:4      | Found a glowing silver altar of Zin.
  3784 | D:4      | Found a shimmering altar of Xom.
  3824 | D:4      | Reached XP level 7. HP: 42/45 MP: 7/7
  4719 | D:5      | Entered Level 5 of the Dungeon
  4719 | D:5      | Noticed wazuzu's ghost (novice MiGl)
  5115 | D:4      | Became a worshipper of Kikubaaqudgha
  5647 | D:5      | Reached XP level 8. HP: 31/52 MP: 8/8
  6917 | D:6      | Reached skill level 5 in Short Blades
  6917 | D:6      | Reached skill level 9 in Stealth
  7003 | D:6      | Reached * piety under Kikubaaqudgha
  7003 | D:6      | Identified Kikubaaqudgha's Incunabulum of Evil Rituals (Kikubaaqudgha gifted it to you on level 6 of the Dungeon)
  7003 | D:6      | Received a gift from Kikubaaqudgha
  7350 | D:7      | Reached XP level 9. HP: 49/58 MP: 9/9
  7440 | D:7      | Reached skill level 10 in Stealth
  7458 | D:7      | Noticed IKeelU2's ghost (novice HOCK)
  7490 | D:7      | Found a staircase to the Ecumenical Temple.
  7494 | Temple   | Entered the Ecumenical Temple
  7599 | D:7      | Reached skill level 5 in Dodging
  7949 | D:7      | Mangled by an orc warrior

Vault maps used:
D:1:      lemuel_arrival_river_ford, wad_floor_pattern_untrapped,
          serial_bayou_pond_b, kennysheep_another_room
D:2:      uniq_natasha, uniq_robin, uniq_jessica
D:3:      uniq_grinder
D:4:      minmay_wonky_spiral, grunt_temple_overflow_open
D:5:      first_bread
D:6:      minivault_10
Temple:   nicolae_temple_figure_eight

Skill      XL: |  1  2  3  4  5  6  7  8  9 |
---------------+----------------------------+-----
Stealth        | 6 7 8 9 10 | 10.3
Short Blades   | 3 4 5 6 |  6.1
Unarmed Combat | 1 2 3 4 |  4.3
Dodging        | 2 4 5 |  5.0
Fighting       | 3 |  3.7
Throwing       | 3 |  3.5

Action                   |  1- 3 |  4- 6 |  7- 9 || total
-------------------------+-------+-------+-------++-------
Melee: Dagger            |    45 |    95 |   205 ||   345
       Constrict         |    14 |    26 |    42 ||    82
       Tentacles         |     8 |    21 |    47 ||    76
       Punch             |       |     1 |    14 ||    15
 Fire: Blowgun           |       |       |     2 ||     2
Throw: Javelin           |     2 |     6 |    24 ||    32
  Use: Scroll            |       |       |     4 ||     4
 Stab: Sleeping          |     5 |     4 |    17 ||    26
       Distracted        |     1 |     2 |       ||     3
  Eat: Bread ration      |     1 |       |     1 ||     2
       Chunk             |       |     3 |     5 ||     8
       Meat ration       |       |     1 |     1 ||     2
Armor: Skin              |     4 |     7 |     4 ||    15
Dodge: Dodged            |    29 |    66 |   107 ||   202
